 Dungeon Crawl Stone Soup version 0.17.0-28-g6e173f8 (webtiles) character file.

511 Ivanskos the Skirmisher (level 6, 0/60 HPs)
             Began as a Deep Dwarf Fighter on Dec 2, 2015.
             Slain by an iguana (11 damage)
             ... on level 5 of the Dungeon.
             The game lasted 00:10:35 (2983 turns).

Ivanskos the Skirmisher (Deep Dwarf Fighter)        Turns: 2983, Time: 00:10:35

Health: 0/60       AC:  7    Str: 22    XL:     6   Next: 99%
Magic:  6/6        EV:  9    Int: 12    God:
Gold:   289        SH: 10    Dex: 12    Spells: 0 memorised, 5 levels left

rFire  . . .     SeeInvis .     k - +5 war axe "Hiash" {pain, rC+ Int+4}
rCold  + . .     Clarity  .     b - +0 scale mail
rNeg   . . .     SustAt   .     c - +0 shield
rPois  .         Gourm    .     (no helmet)
rElec  .         Spirit   .     (no cloak)
rCorr  .         Warding  .     (no gloves)
rMut   .         Stasis   .     (no boots)
MR     .....                    (no amulet)
Stlth  ..........               (no ring)
                                (no ring)

@: non-regenerating, not resistant to hostile enchantments, extremely unstealthy
A: damage resistance, recharge devices, sense surroundings 1, slow regeneration
3
a: Device Recharging


You were on level 5 of the Dungeon.
You were not hungry.

You visited 1 branch of the dungeon, and saw 5 of its levels.

You collected 289 gold pieces.

Inventory:

Hand Weapons
 a - a +0 flail
 k - the +5 war axe "Hiash" (weapon) {pain, rC+ Int+4}
   (You found it on level 4 of the Dungeon)

   In the hands of one skilled in necromantic magic, it inflicts extra damage on
   living creatures.
   It affects your intelligence (+4).
   It protects you from cold.
Armour
 b - a +0 scale mail (worn)
 c - a +0 shield (worn)
Wands
 e - a wand of heal wounds (1)
 n - a wand of fireball (8)
Scrolls
 g - 2 scrolls of magic mapping {unknown}
 h - 4 scrolls of remove curse
 i - 2 scrolls of enchant armour {unknown}
 o - a scroll of enchant weapon {unknown}
 q - a scroll of recharging {unknown}
 s - a scroll of fear {unknown}
 t - a scroll of amnesia {unknown}
 w - 2 scrolls of teleportation {unknown}
Potions
 d - a potion of might
 l - a potion of curing
 m - a potion of cancellation
 p - a potion of flight
 r - a potion of heal wounds
 u - a potion of haste
 x - 2 potions of lignification
Comestibles
 f - 5 bread rations
 j - 3 meat rations


   Skills:
 * Level 4.9 Fighting
 + Level 1.0(2.3) Axes
 - Level 3.0(3.1) Maces & Flails
 + Level 4.3 Armour
 + Level 2.9 Dodging
 + Level 4.8 Shields


You had 5 spell levels left.
You didn't know any spells.

Dungeon Overview and Level Annotations

Branches:
Dungeon (5/15)
 Temple: D:4-7

Altars:
Ashenzari
Cheibriados
Gozag
Okawaru
Trog


Innate Abilities, Weirdness & Mutations

You are resistant to damage.
You can recharge devices by infusing magical energy.
You passively map a small area around you.
You do not regenerate naturally.


Message History

As you open the door, it creaks loudly!
An iguana comes into view.
There is an open door here.
The iguana bites you.
You hit the iguana.
The iguana is moderately wounded.
You block the iguana's attack.
You hit the iguana but do no damage.
The iguana is moderately wounded.
The iguana bites you!
* * * LOW HITPOINT WARNING * * *
The iguana bites you.
* * * LOW HITPOINT WARNING * * *
You are too injured to fight recklessly!
You are too injured to fight recklessly!
You are too injured to fight recklessly!
Your shield and scale mail prevent you from hitting the iguana.
The iguana is moderately wounded.
The iguana bites you!
You die...

...'......# ,
...#......# , ......#
...#.)....# , ......#
...#......#, , ......#
...#......######.....#
...##+#.......##.....#
......#.......#......#
#####.#####...#......#
....#+#......>'.@l...#
....#_#.......########
....###.......#
#.............#
..............#
..#...........#
..#...#.......#
..+...#.......#
###...#.......#


You could see an iguana.

Vanquished Creatures
  A scorpion (D:4)
  3 hounds (D:4)
  A centaur skeleton (D:4)
  An orc wizard (D:3)
  2 worker ants (D:4)
  2 giant frog skeletons (D:5)
  4 gnolls (D:5)
  7 adders
  An ooze (D:3)
  3 worms (D:2)
  4 giant geckos
  9 orcs
  5 bats
  4 giant cockroaches
  6 hobgoblins
  4 jackals (D:2)
  11 kobolds
  2 quokkas
  3 ball pythons
  A giant gecko skeleton (D:4)
  3 giant newts
  10 goblins
  A jackal skeleton (D:4)
  A quokka skeleton (D:4)
  9 rats
98 creatures vanquished.

Notes
Turn   | Place    | Note
--------------------------------------------------------------
     0 | D:1      | Ivanskos the Deep Dwarf Fighter began the quest for the Orb.
     0 | D:1      | Reached XP level 1. HP: 20/20 MP: 1/1
    89 | D:1      | Reached XP level 2. HP: 25/27 MP: 2/2
   562 | D:2      | Found an opulent altar of Gozag.
   612 | D:2      | Reached XP level 3. HP: 18/34 MP: 3/3
   747 | D:2      | Reached skill level 1 in Dodging
  1185 | D:2      | Reached XP level 4. HP: 13/42 MP: 4/4
  1210 | D:2      | Found a bloodstained altar of Trog.
  1434 | D:3      | Reached skill level 4 in Shields
  1482 | D:3      | Reached XP level 5. HP: 34/50 MP: 5/5
  1780 | D:3      | Found a snail-covered altar of Cheibriados.
  2081 | D:4      | Reached XP level 6. HP: 38/57 MP: 6/6
  2105 | D:4      | Found an iron altar of Okawaru.
  2156 | D:4      | Got a smoking war axe
  2157 | D:4      | Identified the +5 war axe "Hiash" {pain, rC+ Int+4} (You found it on level 4 of the Dungeon)
  2457 | D:5      | Entered Level 5 of the Dungeon
  2461 | D:5      | Found a shattered altar of Ashenzari.
  2541 | D:5      | HP: 2/60 [poisoned by a gnoll]
  2957 | D:5      | Reached skill level 1 in Axes
  2983 | D:5      | Slain by an iguana

Action                   |  1- 3 |  4- 6 || total
-------------------------+-------+-------++-------
Melee: Flail             |   170 |   145 ||   315
       War axe           |       |    71 ||    71
Evoke: Wand              |       |     4 ||     4
  Use: Scroll            |       |     7 ||     7
       Potion            |       |     1 ||     1
  Eat: Fruit             |     1 |     4 ||     5
       Bread ration      |       |     1 ||     1
       Pizza             |       |     1 ||     1
